 Dungeon Crawl Stone Soup version 0.23.1-37-gaa34b87 (webtiles) character file.

Game seed: 7667071893088013602

1039 dhn the Chopper (level 8, -1/69 HPs)
             Began as a Minotaur Fighter on Mar 26, 2019.
             Killed from afar by a steam dragon (23 damage)
             ... with a ball of steam
             ... on level 5 of the Dungeon.
             The game lasted 00:04:20 (3456 turns).

dhn the Chopper (Minotaur Fighter)                  Turns: 3456, Time: 00:04:20

Health: -1/69      AC:  7    Str: 21    XL:     8   Next: 4%
Magic:  7/7        EV:  9    Int:  6    God:
Gold:   265        SH: 10    Dex: 11    Spells: 7/7 levels left

rFire    . . .     SeeInvis .   a - +0 war axe
rCold    . . .     Gourm    .   c - +0 shield
rNeg     . . .     Faith    .   b - +0 scale mail
rPois    .         Spirit   .   (helmet restricted)
rElec    .         Reflect  .   (no cloak)
rCorr    .         Harm     .   (no gloves)
MR       .....                  (no boots)
Stlth    ..........             (no amulet)
HPRegen  0.21/turn              (no ring)
MPRegen  0.10/turn              (no ring)

@: no status effects
A: retaliatory headbutt, horns 2
a: no special abilities


You were on level 5 of the Dungeon.
You were hungry.

You visited 1 branch of the dungeon, and saw 5 of its levels.

You collected 265 gold pieces.

Inventory:

Hand Weapons
 a - a +0 war axe (weapon)
Armour
 b - a +0 scale mail (worn)
 c - a +0 shield (worn)
Scrolls
 e - 2 scrolls of identify {unknown}
 g - a scroll of immolation {unknown}
 h - 4 scrolls of enchant weapon {unknown}
 i - 2 scrolls of remove curse {unknown}
 j - 2 scrolls of amnesia {unknown}
 k - a scroll of fog {unknown}
 l - 2 scrolls of random uselessness {unknown}
 n - 2 scrolls of enchant armour {unknown}
 s - 3 scrolls of teleportation {unknown}
Potions
 d - 3 potions of might
 m - 2 potions of heal wounds
 o - 2 potions of berserk rage {unknown}
 p - a potion of haste {unknown}
 q - 4 potions of degeneration {unknown}
 r - a potion of brilliance {unknown}
 t - a potion of agility {unknown}
Comestibles
 f - 11 rations


   Skills:
 + Level 5.5 Fighting
 + Level 7.4 Axes
 + Level 5.9 Armour
 + Level 2.3 Dodging
 + Level 0.7 Stealth
 + Level 6.1 Shields


You had 7 spell levels left.
You didn't know any spells.
Your spell library was empty.

Dungeon Overview and Level Annotations

Branches:
Dungeon (5/15)             Temple (0/1) D:5

Altars:
Ashenzari
Cheibriados
Fedhas
Gozag
Kikubaaqudgha
Makhleb
Nemelex Xobeh
Qazlal
Xom
Yredelemnul

Shops:
D:5 %

Annotations:
D:4 2 transporters, bananaglory's ghost, amateur MfSk


Innate Abilities, Weirdness & Mutations

You reflexively headbutt those who attack you in melee.
You have a pair of horns on your head.


Message History

The steam dragon breathes steam at you. The ball of steam hits you!
The ball of steam hits the fungus!
The steam dragon barely misses you.
The steam dragon claws you but does no damage.
The steam dragon barely misses you.
The steam dragon claws you but does no damage.
The fungus is engulfed in a cloud of scalding steam.
The steam dragon bites you. The steam dragon claws you.
You closely miss the steam dragon.
You headbutt the steam dragon, but do no damage.
Your shield prevents you from hitting the steam dragon.
You slash the fungus! You hit the fungus.
You are engulfed in a cloud of scalding steam.
You block the steam dragon's attack. x2
The steam dragon breathes steam at you. The ball of steam hits you!!
The fungus is engulfed in a cloud of scalding steam.
The steam dragon breathes steam at you. The ball of steam hits you!!
You die...

#### #..........######....##.
#..........# #....##.
#.......(..# #....##.
############ #....### #....# #
### ###### # ###.P## ####
#.≈..PP####### ###^PP
#P...≈PP@.P§P#######^PP.≈
########P...$..D§§§§....^≈≈.P≈≈..
.).....#P....≈PDP..§P.^P.........
###....#.....≈.#########≈P.PPP≈P≈
#....##PPPP.# ###############P.
#....###^^≈# #.....# ### ###....#
#### #.....# .......# #.....#
###### .......# #.....# #....#


You could see 2 steam dragons.

Vanquished Creatures
  A sky beast (D:5)
  A phantom (D:5)
  4 ogres
  2 crimson imps (D:5)
  2 hounds
  A jelly (D:5)
  4 orc wizards (D:5)
  A worker ant (D:4)
  A worker ant zombie (D:5)
  4 adders
  3 gnolls (D:5)
  A shadow imp (D:5)
  2 oozes (D:2)
  2 adder skeletons
  5 worms
  4 dart slugs
  3 leopard geckos
  11 orcs
  3 giant cockroaches
  11 goblins
  9 hobgoblins
  8 jackals
  12 kobolds
  3 quokkas
  3 ball pythons
  A ball python zombie (D:5)
  11 bats
  6 frilled lizards
  3 quokka skeletons
  12 rats
134 creatures vanquished.

Vanquished Creatures (others)
  A fungus (D:5)
  A plant (D:4)
2 creatures vanquished.

Grand Total: 136 creatures vanquished

Notes
Turn   | Place    | Note
-------+----------+-------------------------------------------
     0 | D:1      | dhn the Minotaur Fighter began the quest for the Orb.
     0 | D:1      | Reached XP level 1. HP: 19/19 MP: 0/0
    40 | D:1      | Reached XP level 2. HP: 25/27 MP: 1/1
   299 | D:1      | Reached XP level 3. HP: 27/33 MP: 2/2
   434 | D:2      | Reached skill level 3 in Axes
   445 | D:2      | Found a shimmering altar of Xom.
   651 | D:2      | Found a basalt altar of Yredelemnul.
   674 | D:2      | Reached XP level 4. HP: 32/40 MP: 3/3
   957 | D:2      | Found a snail-covered altar of Cheibriados.
  1111 | D:3      | Reached skill level 1 in Dodging
  1134 | D:3      | Found a shattered altar of Ashenzari.
  1381 | D:3      | Found a sparkling altar of Nemelex Xobeh.
  1382 | D:3      | Found a blossoming altar of Fedhas.
  1471 | D:3      | Found an ancient bone altar of Kikubaaqudgha.
  1480 | D:3      | Reached XP level 5. HP: 45/47 MP: 4/4
  1543 | D:3      | Found a burning altar of Makhleb.
  1552 | D:3      | Reached skill level 4 in Axes
  1570 | D:3      | Noticed an ogre
  1578 | D:3      | Killed an ogre
  1680 | D:3      | Reached skill level 5 in Shields
  1682 | D:3      | Found an opulent altar of Gozag.
  1785 | D:4      | Found a stormy altar of Qazlal.
  1828 | D:4      | Noticed an ogre
  1835 | D:4      | Killed an ogre
  1835 | D:4      | Reached skill level 5 in Axes
  1835 | D:4      | Reached skill level 5 in Armour
  1835 | D:4      | Reached XP level 6. HP: 13/55 MP: 5/5
  2045 | D:4      | Noticed an air elemental
  2053 | D:4      | Noticed a water elemental
  2053 | D:4      | Noticed a fire elemental
  2196 | D:4      | Found a transporter.
  2214 | D:4      | Identified the +6 spear of the Inferno {vamp, Fragile rC+
                  | rN++ Str+3}
  2217 | D:4      | Noticed bananaglory's ghost (amateur MfSk)
  2243 | D:4      | Found a transporter.
  2478 | D:5      | Entered Level 5 of the Dungeon
  2535 | D:5      | Reached skill level 5 in Fighting
  2535 | D:5      | Reached XP level 7. HP: 61/61 MP: 6/6
  2581 | D:5      | Reached skill level 6 in Axes
  2600 | D:5      | Found a staircase to the Ecumenical Temple.
  2873 | D:5      | Reached skill level 7 in Axes
  2977 | D:5      | Reached XP level 8. HP: 68/69 MP: 7/7
  3215 | D:5      | Found Zelozaydi's Food Shop.
  3456 | D:5      | Killed from afar by a steam dragon

Skill      XL: |  1  2  3  4  5  6  7 |
---------------+----------------------+-----
Shields        | 4 5 6 |  6.1
Fighting       | 4 5 |  5.5
Armour         | 4 5 |  5.9
Axes           | 3 5 7 |  7.4
Dodging        | 1 2 |  2.3
Stealth        | |  0.7

Action                   |  1- 3 |  4- 6 |  7- 9 || total
-------------------------+-------+-------+-------++-------
Melee: War axe           |   103 |   149 |    76 ||   328
       Headbutt          |    15 |    30 |    20 ||    65
  Use: Potion            |       |     1 |       ||     1
  Eat: Chunk             |       |     6 |     2 ||     8
Armor: Scale mail        |    44 |    72 |    27 ||   143
Dodge: Dodged            |    43 |    58 |    20 ||   121
Block: Shield            |    61 |    74 |    30 ||   165
